 Dungeon Crawl Stone Soup version 0.20.0-15-g7f486f2 (webtiles) character file.

238 systemy the Chopper (level 5, -17/49 HPs)
             Began as a Minotaur Berserker on June 25, 2017.
             Was a Believer of Trog.
             Demolished by an ogre
             ... wielding a +0 giant club
              (26 damage)
             ... on level 4 of the Dungeon.
             The game lasted 00:04:09 (2592 turns).

systemy the Chopper (Minotaur Berserker)            Turns: 2592, Time: 00:04:09

Health: -17/49     AC:  5    Str: 23    XL:     5   Next: 78%
Magic:  4/4        EV: 11    Int:  4    God:    Trog [**....]
Gold:   62         SH:  0    Dex:  9    Spells: 4/4 levels left

rFire    . . .     SeeInvis .   a - +0 hand axe
rCold    . . .     Gourm    .   (no shield)
rNeg     . . .     Faith    .   u - +0 ring mail
rPois    .         Spirit   .   (helmet restricted)
rElec    .         Reflect  .   (no cloak)
rCorr    .         Harm     .   (no gloves)
MR       .....                  (no boots)
Stlth    ..........             (no amulet)
Regen    0.2/turn               (no ring)
MPRegen  0.1/turn               (no ring)

@: no status effects
A: retaliatory headbutt, horns 2
a: Berserk, Trog's Hand, Burn Spellbooks, Renounce Religion


You were on level 4 of the Dungeon.
You worshipped Trog.
Trog was pleased with you.
You were very hungry.

You visited 1 branch of the dungeon, and saw 4 of its levels.

You collected 62 gold pieces.

Inventory:

Hand Weapons
 a - a +0 hand axe (weapon)
Armour
 b - a +0 animal skin
 u - a +0 ring mail (worn)
 x - a +0 pair of gloves
 A - a +0 large shield
Jewellery
 j - an uncursed ring of see invisible {unknown}
 m - an uncursed ring of poison resistance {unknown}
 s - an uncursed amulet of the gourmand {unknown}
Scrolls
 e - 4 scrolls of teleportation {unknown}
 f - a scroll of remove curse {unknown}
 g - a scroll of fog {unknown}
 h - a scroll of immolation {unknown}
 l - a scroll of random uselessness {unknown}
 o - 2 scrolls of blinking {unknown}
 q - a scroll of magic mapping {unknown}
 r - a scroll of fear {unknown}
 w - a scroll of enchant weapon {unknown}
 y - a scroll of identify {unknown}
Potions
 d - 2 potions of mutation {unknown}
 i - 2 potions of curing {unknown}
 k - a potion of ambrosia {unknown}
 n - 2 potions of degeneration {unknown}
 p - a potion of brilliance {unknown}
 t - 4 potions of heal wounds {unknown}
 v - a potion of haste {unknown}
 z - a potion of flight {unknown}
Comestibles
 c - 4 bread rations
 B - a meat ration


   Skills:
 + Level 5.6 Fighting
 + Level 6.2 Axes
 + Level 3.2 Armour
 - Level 2.1 Dodging


You had 4 spell levels left.
You didn't know any spells.

Dungeon Overview and Level Annotations

Branches:
Dungeon (4/15)
 Temple: D:4-7

Altars:


Innate Abilities, Weirdness & Mutations

You reflexively headbutt those who attack you in melee.
You have a pair of horns on your head.


Message History

The ogre barely misses you.
You barely miss the ogre. You headbutt the ogre!
The ogre is severely wounded.
The ogre closely misses you. You furiously retaliate!
You headbutt the ogre. You hit the ogre but do no damage.
The ogre is severely wounded.
The ogre hits you with a giant club!!
You hit the ogre but do no damage. Your headbutt misses the ogre.
The ogre is severely wounded.
You hit the ogre but do no damage.
The ogre is severely wounded.
You hit the orc but do no damage. The ogre hits you with a giant club!!
* * * LOW HITPOINT WARNING * * *
The orc barely misses you.
You hit the ogre.
The ogre is almost dead.
You hit the orc. The orc closely misses you.
The ogre hits you with a giant club!!
Ouch! That really hurt!
You die...

### ... #..#. #..
#..#.##.# #....##.#
. # +....##.# ... #.
#....##.# ###....
#..#....##.##.....?.
............@O......
........<...#o......
..#....###.#...####
........# #.#...#
.#..##### #.#...# ##
#.##### #.. #.. #..


You could see an ogre and an orc.

Vanquished Creatures
  Terence (D:2)
  Natasha (twice) (D:3)
  4 gnolls (D:2)
  4 adders (D:2)
  2 worms (D:2)
  3 dart slugs
  3 leopard geckos
  An orc (D:3)
  A ball python (D:1)
  5 bats
  2 giant cockroaches (D:3)
  10 goblins
  7 hobgoblins
  13 kobolds
  2 quokkas (D:2)
  10 frilled lizards
  5 rats
75 creatures vanquished.

Notes
Turn   | Place    | Note
-------+----------+-------------------------------------------
     0 | D:1      | systemy the Minotaur Berserker began the quest for the Orb.
     0 | D:1      | Reached XP level 1. HP: 19/19 MP: 0/0
    19 | D:1      | Reached skill level 4 in Axes
    59 | D:1      | Reached XP level 2. HP: 17/27 MP: 1/1
   546 | D:1      | Reached XP level 3. HP: 23/33 MP: 2/2
   557 | D:1      | Reached ** piety under Trog
   680 | D:2      | Noticed Terence
   797 | D:2      | Reached skill level 5 in Axes
   800 | D:2      | Killed Terence
   800 | D:2      | Reached XP level 4. HP: 41/41 MP: 3/3
   918 | D:2      | Reached skill level 5 in Fighting
  1045 | D:2      | Reached XP level 5. HP: 18/48 MP: 4/4
  2074 | D:3      | Noticed Natasha
  2079 | D:3      | Killed Natasha
  2079 | D:3      | Reached skill level 6 in Axes
  2286 | D:3      | Noticed Natasha
  2291 | D:3      | Killed Natasha
  2583 | D:4      | Noticed an ogre
  2592 | D:4      | Demolished by an ogre

Skill      XL: |  1  2  3  4  5 |
---------------+----------------+-----
Axes           | 4 5 6 |  6.2
Fighting       | 4 5 |  5.6
Armour         | 3 |  3.2
Dodging        | |  2.1

Action                   |  1- 3 |  4- 6 || total
-------------------------+-------+-------++-------
Melee: Hand axe          |    57 |    97 ||   154
       Headbutt          |     7 |    21 ||    28
Invok: Berserk           |     2 |       ||     2
 Stab: Distracted        |       |     1 ||     1
  Eat: Chunk             |       |     6 ||     6
Armor: Animal skin       |     7 |     3 ||    10
       Ring mail         |       |    18 ||    18
Dodge: Dodged            |    54 |    71 ||   125
